 Dungeon Crawl Stone Soup version 0.30.1-6-gbe392663c4 (webtiles) character file.

Game seed: 9343503384676276327

366 Kurtz the Chopper (level 6, 37/37 HPs)
             Began as a Tengu Fighter on Sept 20, 2023.
             Quit the game on level 4 of the Dungeon.
             The game lasted 00:03:19 (2400 turns).

Kurtz the Chopper (Tengu Fighter)                   Turns: 2400, Time: 00:03:20

Health: 37/37      AC: 15    Str: 18    XL:     6   Next: 68%
Magic:  7/7        EV:  6    Int:  8    God:
Gold:   159        SH:  5    Dex: 14    Spells: 5/5 levels left

rFire   . . .        a - +0 war axe
rCold   . . .        c - +0 buckler
rNeg    . . .        u - +0 plate armour
rPois   .            (helmet restricted)
rElec   .            (no cloak)
rCorr   .            (no gloves)
SInv    .            (boots unavailable)
Will    .....        (no amulet) Stlth
                     l - +4 ring of protection
HPRegen 0.26/turn    (no ring)
MPRegen 0.10/turn

%: no passive effects
@: flying quickly and evasively, quick
A: beak, talons 3, nimble flight
a: no special abilities


You were on level 4 of the Dungeon.
You visited 1 branch of the dungeon, and saw 5 of its levels.

You collected 159 gold pieces.

Inventory:

Hand Weapons
 a - a +0 war axe (weapon)
Missiles
 y - 4 poisoned darts (quivered)
 z - 3 atropa-tipped darts
Armour
 b - a +0 scale mail
 c - a +0 buckler (worn)
 u - a +0 plate armour (worn)
Jewellery
 h - a ring of fire
 l - a +4 ring of protection (left hand)
 r - a +6 ring of strength
Scrolls
 e - a scroll of poison
 i - 2 scrolls of noise
 j - a scroll of amnesia
 o - a scroll of fear
 v - 2 scrolls of enchant weapon
 w - a scroll of butterflies {unknown}
 x - a scroll of brand weapon {unknown}
 A - a scroll of magic mapping {unknown}
Potions
 d - a potion of might
 f - a potion of resistance
 g - a potion of haste {unknown}
 k - a potion of heal wounds {unknown}
 m - a potion of attraction {unknown}
 n - a potion of invisibility {unknown}
 p - 2 potions of curing {unknown}
 q - 4 potions of flight {unknown}
 s - 2 potions of magic {unknown}


   Skills:
 - Level 3.0 Fighting
 * Level 7.6 Axes
 - Level 3.2 Armour
 - Level 3.0 Shields


You had 5 spell levels left.
You didn't know any spells.
Your spell library contained the following spells:

 Spells                   Type           Power      Damage    Failure   Level
 Necrotise                Necr           0%         1d4       100%        1
 Dazzling Flash           Conj/Hex       0%         N/A       100%        3
 Vampiric Draining        Necr           0%         2d6       100%        3
 Volatile Blastmotes      Fire/Tloc      0%         2d10      100%        3
 Iskenderun's Mystic Bla  Conj/Tloc      0%         2d3       100%        4
 Agony                    Necr           0%         N/A       100%        5
 Silence                  Hex/Air        0%         N/A       100%        5
 Starburst                Conj/Fire      0%         6d3       100%        6


Dungeon Overview and Level Annotations

Branches:
Dungeon (5/15)
 Temple: D:4-7

Altars:

Shops:
D:2 !(

Annotations:
D:4 1 runed translucent door


Innate Abilities, Weirdness & Mutations

You have a beak for a mouth.
You have claws for feet.
Your magical nature lets you fly swiftly and evasively.


Message History

You closely miss something. Your kick misses something. Something hits you.
You hit something.
Reactivating autopickup.
You feel a bit more experienced.
Your Axes skill increases to level 7!
You have reached level 6!
Things that are here:
a +0 scythe; a +2 robe of fire resistance You hear the quick rusting of a very distant drain.
y - 4 poisoned darts (gained 1)
e - 2 scrolls labelled QUTUIFF WOACS
As you read the scroll labelled MIVIMEZ PAMEKK, it crumbles to dust.
Magic quickly surges around you.
It was a scroll of vulnerability.
As you read the scroll labelled RUTZOATOQU, it crumbles to dust.
A profound silence engulfs you.
It was a scroll of silence.
Magic scrolls do not work when you're silenced!
Unknown command.
You feel a little less mighty now.
Magic scrolls do not work when you're silenced!
Unknown command.
r - a +6 ring of strength
t - a scroll of identify Your hearing returns.
A - a scroll labelled RERIAF NUYNA
As you read the scroll of identify, it crumbles to dust.
v - 2 scrolls of enchant weapon The air fills with toxic fumes!
As you read the scroll labelled QUTUIFF WOACS, it crumbles to dust.
It was a scroll of poison.
Really fly into that cloud of poison gas?
Okay, then.
You start waiting.
You feel your willpower return.
You start waiting.
You hear the quick rusting of a very distant drain.
Unknown command.
Okay, then.
Are you sure you want to abandon this character and quit the game? (Confirm with "yes".)
Okay, then.
Are you sure you want to abandon this character and quit the game? (Confirm with "yes".)

#... #..g ##########
#...
#§§§§§☼§§########...
#§§§§☼§§§§§.........
#§☼§§§§§§§§.........
#§§☼§§§☼§§§.........
#§§§§§§§§§§#########
#§§@§§§§§§§#
#§☼§§§§§§###########
#######§§##♣P♣P♣P8P♣
#.§§§.........
#..##♣P♣P♣P8P♣
#..###########
#..........#..
###....###...#..
#...............


There were no monsters in sight!

Vanquished Creatures
  Sigmund (D:4)
  2 scorpions (D:4)
  An iguana (D:4)
  An adder (D:2)
  A worm (D:2)
  2 dart slugs
  2 bats
  7 endoplasms
  5 giant cockroaches
  6 goblins
  A hobgoblin (D:1)
  3 jackals (D:2)
  3 quokkas
  4 ball pythons
  4 frilled lizards (D:2)
  5 kobolds
  2 rats
50 creatures vanquished.

Notes
Turn   | Place    | Note
-------+----------+-------------------------------------------
     0 | D:1      | Kurtz the Tengu Fighter began the quest for the Orb.
     0 | D:1      | Reached XP level 1. HP: 14/14 MP: 2/2
    91 | D:1      | Reached XP level 2. HP: 19/19 MP: 3/3
   187 | D:1      | Reached skill level 3 in Axes
   813 | D:2      | Found a faded altar of an unknown god.
   820 | D:2      | Reached XP level 3. HP: 18/23 MP: 4/4
   912 | D:2      | Reached skill level 4 in Axes
   945 | D:2      | Found Bosim's Distillery.
   983 | D:2      | Found Viwked's Weapon Emporium.
  1421 | D:3      | Reached XP level 4. HP: 28/28 MP: 5/5
  1671 | D:3      | Found the +8 trident of the Octopus King {venom, rElec
                  | rPois}
  1897 | D:4      | Noticed an ogre
  2078 | D:4      | Noticed a scorpion
  2085 | D:4      | Killed a scorpion
  2086 | D:4      | Reached skill level 5 in Axes
  2086 | D:4      | Gained mutation: Your magical nature lets you fly swiftly
                  | and evasively. [Tengu growth]
  2086 | D:4      | Reached XP level 5. HP: 23/32 MP: 6/6
  2101 | D:4      | Reached skill level 6 in Axes
  2117 | D:4      | Noticed Sigmund
  2120 | D:5      | Entered Level 5 of the Dungeon
  2120 | D:5      | Noticed a centaur
  2173 | D:4      | Noticed Eustachio
  2253 | D:4      | Found a runed translucent gate.
  2340 | D:4      | Killed Sigmund
  2341 | D:4      | Reached skill level 7 in Axes
  2341 | D:4      | Reached XP level 6. HP: 25/37 MP: 7/7
  2400 | D:4      | Quit the game

Illustrated notes

Levels and vault maps discovered:
D:1:      mrwooster_arrival_statue, layout_loops_corners, minmay_ruptured
D:2:      layout_rooms, serial_shops, nicolae_shop_industrial_runoff,
          nicolae_shop_bloodbath_and_beyond, ebering_ecumenical_altar_webs,
          minmay_tetromino_t4
D:3:      layout_loops_ring
D:4:      layout_basic, elyvilon_altar_4, portal_sewer_entry_a,
          gammafunk_ghost_nasty_kobolds, dreamdust_princess_corridor,
          hangedman_decor_lopped, uniq_eustachio, uniq_sigmund
D:5:      layout_loops_cross, mainiacjoe_overflow_alcove_1, temple_hall_moat,
          grunt_decor_resistance, nicolae_zen_rock_garden

Skill      XL: |  1  2  3  4  5 |
---------------+----------------+-----
Axes           | 3 4 5 7 |  7.6
Fighting       | |  3.0
Armour         | |  3.2
Shields        | |  3.0

Action                     |  1- 3 |  4- 6 || total
---------------------------+-------+-------++-------
  Melee: War axe           |    64 |    39 ||   103
         Kick              |    13 |     4 ||    17
         Peck              |     8 |     2 ||    10
  Throw: Dart              |       |     1 ||     1
    Use: Scroll            |       |    10 ||    10
         Potion            |       |     1 ||     1
 Armour: Scale mail        |    25 |       ||    25
         Plate armour      |    11 |    30 ||    41
  Dodge: Dodged            |    21 |    13 ||    34
  Block: Buckler           |    16 |     8 ||    24
